 Dungeon Crawl Stone Soup version 0.31-a0-331-geda263fcf1 (webtiles) character file.

Game seed: 16149952015509563166

85 quinnr the Gusty (level 4, -1/24 HPs)
             Began as a Tengu Air Elementalist on July 19, 2023.
             Slain by a gnoll
             ... wielding a +0 whip
              (7 damage)
             ... on level 2 of the Dungeon.
             The game lasted 00:05:38 (2082 turns).

quinnr the Gusty (Tengu Air Elementalist)           Turns: 2082, Time: 00:05:39

Health: -1/24      AC:  3    Str:  9    XL:     4   Next: 48%
Magic:  0/8        EV: 12    Int: 17    God:
Gold:   94         SH:  0    Dex: 14    Spells: 6/7 levels left

rFire   . . .        (no weapon)
rCold   . . .        (no shield)
rNeg    . . .        a - +0 robe
rPois   .            (helmet restricted)
rElec   .            k - +0 cloak
rCorr   .            (no gloves)
SInv    .            (boots unavailable)
Will    .....        (no amulet)
Stlth   ++           Z - ring of wizardry
HPRegen 0.24/turn    (no ring)
MPRegen 0.11/turn

%: wizardry (x1)
@: no status effects
A: beak, talons 3
a: no special abilities


You were on level 2 of the Dungeon.
You visited 1 branch of the dungeon, and saw 3 of its levels.

You collected 94 gold pieces.


Innate Abilities, Weirdness & Mutations

You have a beak for a mouth.
You have claws for feet.


   Skills:
 - Level 2.1 Dodging
 - Level 2.0 Stealth
 - Level 2.0 Spellcasting
 - Level 1.3 Conjurations
 + Level 6.8 Air Magic


You had 6 spell levels left.
You knew the following spells:

 Your Spells              Type           Power      Damage    Failure   Level
z - Shock                 Conj/Air       60%        1d6       1%          1

Your spell library contained the following spells:

 Spells                   Type           Power      Damage    Failure   Level
 Swiftness                Air            25%        N/A       1%          3
 Static Discharge         Conj/Air       30%        2-4/arc   2%          2
 Airstrike                Air            12%        2d(2-18)  4%          4
 Sandblast                Erth           2%         2d4       8%          1
 Passwall                 Tmut/Erth      0%         N/A       12%         2
 Stone Arrow              Conj/Erth      8%         3d7       17%         3

Inventory:

Armour
 a - a +0 robe (worn)
 k - a +0 cloak (worn)
Jewellery
 Z - a ring of wizardry (left hand)
Scrolls
 c - 5 scrolls of teleportation {unknown}
 d - a scroll of revelation {unknown}
 e - a scroll of amnesia {unknown}
 g - 4 scrolls of identify {unknown}
 h - a scroll of fog {unknown}
Potions
 b - a potion of magic
 f - a potion of heal wounds {unknown}
 i - a potion of lignification {unknown}
 j - 2 potions of might {unknown}
 l - a potion of enlightenment {unknown}

Dungeon Overview and Level Annotations

Branches:
Dungeon (3/15)

Altars:
Hepliaklqana

#.......>............#.
##..†.†....##...#.####.
#..#.#†#####.#.#.# ##
#####..#.#.#####.#.#.##
#
#....>................#
#
#####.##.###########..#
#.##......# #..#
#..'......# #..#
####g@....# ##<###
#......# #...#
#......#########.#
#......#.....# #.##
#......#.....# #..#
#............# ##.#
#............# #..
###..........# ###
######.....#


You could see a gnoll.


Message History

The gnoll barely misses you.
The zap misses the gnoll.
The zap hits the gnoll.
The gnoll is severely wounded.
The gnoll completely misses you.
You are out of magic!
Unknown command.
You closely miss the gnoll. You claw the gnoll, but do no damage.
You peck the gnoll.
The gnoll is almost dead.
The gnoll closely misses you.
You closely miss the gnoll. You claw the gnoll, but do no damage.
You peck the gnoll, but do no damage.
The gnoll is almost dead.
The gnoll hits you with a +0 whip.
You hit the gnoll but do no damage. You claw the gnoll, but do no damage.
The gnoll is almost dead.
The gnoll misses you.
You are out of magic!
You hit the gnoll but do no damage. You claw the gnoll, but do no damage.
The gnoll is almost dead.
The gnoll hits you with a +0 whip!
* * * LOW HITPOINT WARNING * * *
You are too injured to fight recklessly!
You hit the gnoll but do no damage. Your peck misses the gnoll.
The gnoll is almost dead.
The gnoll hits you with a +0 whip!
* * * LOW HITPOINT WARNING * * *
Unknown command.
The gnoll attacks as you move away! The gnoll hits you with a +0 whip!
You die...

Skill      XL: |  1  2  3 |
---------------+----------+-----
Air Magic      | 5 6 |  6.8
Dodging        | |  2.1
Stealth        | |  2.0
Spellcasting   | |  2.0
Conjurations   | |  1.3

Action                     |  1- 3 |  4- 6 || total
---------------------------+-------+-------++-------
  Melee: Unarmed           |     8 |     6 ||    14
         Kick              |     2 |     4 ||     6
         Peck              |       |     3 ||     3
   Cast: Shock             |    86 |    23 ||   109
 Armour: Robe              |     3 |     6 ||     9
  Dodge: Dodged            |    15 |    11 ||    26

Levels and vault maps discovered:
D:1:      saegor_arrival_simple_a, layout_loops_cross, kennysheep_crisscross,
          hangedman_decor_clover_reticule, minmay_tromino_v7
D:2:      layout_basic, basic_altar
D:3:      layout_loops_ring, shapermc_ecumenical_altar_ellora, serial_shops,
          nicolae_shop_rolled_up, nicolae_grassy_gnolls, uniq_jessica

Notes
Turn   | Place    | Note
-------+----------+-------------------------------------------
     0 | D:1      | quinnr the Tengu Air Elementalist began the quest for the
                  | Orb.
     0 | D:1      | Reached XP level 1. HP: 10/10 MP: 4/4
   261 | D:1      | Reached XP level 2. HP: 15/15 MP: 1/6
   410 | D:1      | Reached skill level 5 in Air Magic
   612 | D:1      | Reached XP level 3. HP: 19/19 MP: 3/7
  1250 | D:2      | Reached skill level 6 in Air Magic
  1444 | D:2      | Found a hazy altar of Hepliaklqana.
  1728 | D:2      | Reached XP level 4. HP: 15/24 MP: 0/8
  2082 | D:2      | Slain by a gnoll

Vanquished Creatures
  2 adders (D:2)
  3 dart slugs
  4 endoplasms
  4 giant cockroaches
  4 hobgoblins
  11 jackals
  2 quokkas (D:2)
  3 ball pythons
  7 bats
  4 frilled lizards
  4 goblins (D:1)
  5 kobolds
  2 rats (D:1)
55 creatures vanquished.

Table legend: (Time is in decaauts)
 A = Elapsed time spent in this place.
 B = Non-inter-level travel time spent in this place.
 C = Inter-level travel time spent in this place.
 D = Time resting spent in this place.
 E = Time spent auto-exploring this place.
 F = Levels seen in this place.
 G = Mean time per level.
                   A        B        C        D        E       F      G
               +--------+--------+--------+--------+--------+-----+--------+
         Total |   2082 |   2044 |     38 |     14 |   1776 |   3 |  694.0 |
       Dungeon |   2082 |   2044 |     38 |     14 |   1776 |   3 |  694.0 |
               +--------+--------+--------+--------+--------+-----+--------+

Top non-repeatable levels by time:
     D:1: 1171 daAuts
     D:2: 896 daAuts
     D:3: 14 daAuts

Table legend:
 A = Non-vault XP
 B = Vault XP
 C = Vault XP percentage of total XP
 D = Non-vault monster count
 E = Vault monster count
 F = Vault count percentage of total count
                 A         B        C        D         E       F
            +---------+---------+-------+---------+---------+-------
      Total |     115 |       7 |   5.7 |      52 |       3 |   5.5
            +---------+---------+-------+---------+---------+-------
        D:1 |      43 |       7 |  14.0 |      26 |       3 |  10.3
        D:2 |      65 |       0 |   0.0 |      22 |       0 |   0.0
        D:3 |       7 |       0 |   0.0 |       4 |       0 |   0.0
            +---------+---------+-------+---------+---------+-------

Levels and vault maps discovered:
D:1:      saegor_arrival_simple_a, layout_loops_cross, kennysheep_crisscross,
          hangedman_decor_clover_reticule, minmay_tromino_v7
D:2:      layout_basic, basic_altar
D:3:      layout_loops_ring, shapermc_ecumenical_altar_ellora, serial_shops,
          nicolae_shop_rolled_up, nicolae_grassy_gnolls, uniq_jessica
